AoeStats
← 公鸡神探

Arabia

505399955Analyzed
4v4 RM · 24d ago on Sep 9, 2026· 28m 32s· 8 players
Game mode
Random Map
Map size
Large (8 player)
Population
200
Speed
Normal
Resources
Standard
Victory
Conquest
Starting age
Dark Age
Ending age
Imperial Age
RankedLock teamsTeams togetherTeam positionsShared explorationLock speedFull tech treeHidden civsTurbo modeCheats
Victory
Defeat
🇨🇳 Mongols · China
1197
+15
🇯🇵 Saracens · Japan
1182
+16
🇨🇳 Franks · China
1167
+17
🇨🇳 Dravidians · China
1151
+17
🇩🇪 Italians · Germany
1191
-17
🇺🇸 Berbers · United States
1186
-16
🇹🇷 Persians · Türkiye
1172
-16
🇨🇳 Khmer · China
1169
-16
°๖Blaze
10:11 Feudal Age
8:28 Loom
10:14 Feudal Age
11:32 Horse Collar
11:38 Double-Bit Axe
18:37 Wheelbarrow
21:47 Castle Age
21:55 Stone Mining
22:45 Scale Barding Armor
22:51 Forging
24:26 Chain Barding Armor
Dr. Watson
10:21 Feudal Age
10:47 Loom
10:53 Loom
11:05 Double-Bit Axe
Birkules
1:47 Loom
10:19 Feudal Age
22:42 Castle Age
21:49 Fletching
21:55 Double-Bit Axe
23:48 Forging
23:35 Bodkin Arrow
25:56 Bloodlines
暗恋安联的一切
6:09 Loom
8:13 Feudal Age
10:13 Loom
10:18 Double-Bit Axe
akidas
6:44 Loom
9:44 Feudal Age
13:46 Double-Bit Axe
23:15 Castle Age
21:48 Fletching
24:01 Padded Archer Armor
23:30 Crossbowman
28:39 Ballistics
28:26 Bodkin Arrow
公鸡神探
7:01 Loom
10:02 Feudal Age
11:12 Double-Bit Axe
11:07 Man-at-Arms
11:57 Town Watch
17:47 Fletching
23:50 Castle Age
23:58 Crossbowman
24:51 Bodkin Arrow
24:56 Padded Archer Armor
无甲的joe
5:06 Loom
6:47 Loom
9:13 Feudal Age
10:07 Double-Bit Axe
12:15 Forging
17:48 Scale Barding Armor
23:05 Castle Age
26:02 Iron Casting
25:48 Chain Barding Armor
26:45 Gold Mining
28:17 Husbandry
alex950
6:11 Loom
11:44 Feudal Age
16:14 Castle Age
15:19 Scale Barding Armor
15:06 Double-Bit Axe
15:12 Horse Collar
16:54 Scale Barding Armor
23:35 Bloodlines
25:03 Chain Barding Armor
27:01 Forging
Connection lost

Rejoining the realm…

Still unreachable

The connection could not be restored.

Session expired

The server has moved on; the page needs a fresh start.